AoeStats
← 啊超

QS Arena

503177119Analyzed
4v4 RM · 1mo ago on Aug 30, 2026· 44m 0s· 8 players
Game mode
Random Map
Map size
Large (8 player)
Population
200
Speed
Normal
Resources
Standard
Victory
Conquest
Starting age
Dark Age
Ending age
Imperial Age
RankedLock teamsTeams togetherTeam positionsShared explorationLock speedFull tech treeHidden civsTurbo modeCheats
Victory
Defeat
🇨🇳 Turks · China
1199
+12
🇨🇳 Goths · China
1158
+14
🇨🇳 Franks · China
1065
+18
🇦🇹 Ethiopians · Austria
1063
+18
🇫🇷 Burgundians · France
1123
-16
🇫🇷 Britons · France
1120
-16
🇪🇸 Spanish · Spain
1114
-16
🇵🇱 Tupi · Poland
1077
-14
hades
7:15 Feudal Age
7:54 Double-Bit Axe
10:41 Loom
13:31 Castle Age
14:44 Bow Saw
17:37 Horse Collar
18:14 Fervor
18:31 Stone Mining
19:31 Sanctity
20:17 Wheelbarrow
20:29 Town Watch
21:25 Heavy Plow
21:32 Gold Mining
23:42 Bloodlines
23:32 Husbandry
28:41 Imperial Age
26:27 Hand Cart
27:40 Forging
27:36 Scale Barding Armor
29:34 Iron Casting
29:43 Conscription
31:48 Chain Barding Armor
32:28 Blast Furnace
I Raided Riley
9:49 Feudal Age
10:49 Double-Bit Axe
13:40 Castle Age
11:54 Horse Collar
18:42 Loom
18:43 Town Watch
21:08 Heavy Plow
22:57 Bow Saw
24:10 Wheelbarrow
25:12 Fletching
26:01 Hand Cart
26:18 Bodkin Arrow
29:00 Imperial Age
27:02 Scale Mail Armor
27:13 Forging
27:33 Ballistics
27:43 Stone Mining
27:44 Gold Mining
28:25 Murder Holes
29:39 Town Patrol
29:12 Elite Blackwood Archer
30:05 Curare
30:10 Bracer
30:10 Padded Archer Armor
31:12 Hoardings
31:51 Conscription
31:18 Sappers
32:19 Leather Archer Armor
32:21 Chain Mail Armor
32:41 Iron Casting
33:19 Chemistry
37:22 Plate Mail Armor
37:23 Ring Archer Armor
37:19 Champi Runner
38:15 Champi Warrior
38:57 Squires
38:42 Arson
42:29 Elite Champi Warrior
44:57 Gold Shaft Mining
Eljerrican
9:05 Feudal Age
13:38 Castle Age
12:09 Horse Collar
12:15 Double-Bit Axe
15:18 Fletching
16:31 Loom
23:58 Bodkin Arrow
25:03 Bow Saw
26:27 Wheelbarrow
26:57 Ballistics
28:52 Hand Cart
29:31 Stone Mining
29:33 Gold Mining
30:54 Padded Archer Armor
32:06 Heavy Plow
36:12 Imperial Age
33:58 Padded Archer Armor
34:26 Yeomen
35:45 Leather Archer Armor
35:40 Crossbowman
35:42 Pikeman
36:23 Squires
36:16 Elite Longbowman
36:23 Halberdier
37:06 Bracer
37:55 Gold Shaft Mining
38:25 Chemistry
38:27 Two-Man Saw
40:30 Ring Archer Armor
40:11 Forging
40:01 Scale Mail Armor
40:45 Conscription
41:33 Arbalester
43:06 Iron Casting
Haerendeil
1:42 Loom
3:13 Double-Bit Axe
7:07 Horse Collar
9:54 Feudal Age
8:47 Gold Mining
8:50 Stone Mining
16:07 Castle Age
15:28 Bow Saw
15:55 Stone Shaft Mining
16:54 Wheelbarrow
16:25 Heavy Plow
19:02 Forging
21:54 Scale Barding Armor
22:09 Treadmill Crane
23:15 Burgundian Vineyards
26:02 Hand Cart
26:10 Town Watch
27:32 Gold Shaft Mining
31:26 Imperial Age
29:38 Iron Casting
29:24 Chain Barding Armor
29:48 Masonry
30:35 Town Patrol
31:48 Elite Coustillier
32:51 Conscription
33:10 Plate Barding Armor
36:00 Blast Furnace
35:34 Architecture
35:15 Fortified Wall
36:12 Fletching
37:56 Ballistics
38:23 Scale Mail Armor
39:52 Two-Man Saw
39:24 Crop Rotation
38:39 Pikeman
39:20 Squires
40:58 Bodkin Arrow
40:26 Halberdier
42:11 Husbandry
Chill It's A Game
9:08 Feudal Age
12:42 Castle Age
10:45 Double-Bit Axe
11:47 Horse Collar
16:02 Heavy Plow
15:56 Loom
18:04 Gold Mining
20:56 Bow Saw
21:56 Wheelbarrow
23:40 Fletching
23:50 Padded Archer Armor
23:17 Crossbowman
25:06 Gold Shaft Mining
24:21 Stone Mining
25:48 Thumb Ring
25:39 Bodkin Arrow
25:59 Leather Archer Armor
27:33 Stone Shaft Mining
29:32 Imperial Age
30:40 Bracer
31:10 Ring Archer Armor
30:03 Arbalester
32:45 Ballistics
33:26 Chemistry
33:18 Onager
38:07 Torsion Engines
38:27 Caravan
38:58 Coinage
38:58 Siege Onager
40:24 Masonry
40:20 Siege Engineers
啊超
8:42 Feudal Age
13:28 Castle Age
11:17 Double-Bit Axe
11:40 Horse Collar
13:50 Loom
26:31 Imperial Age
26:05 Anarchy
26:20 Forging
26:11 Scale Mail Armor
26:14 Squires
26:28 Pikeman
27:37 Conscription
28:31 Iron Casting
31:05 Fletching
31:16 Padded Archer Armor
31:15 Elite Skirmisher
35:05 Wheelbarrow
34:46 Bow Saw
33:59 Elite Huskarl
35:59 Blast Furnace
35:34 Chain Mail Armor
36:26 Gold Mining
38:50 Chemistry
39:58 Halberdier
40:37 Bodkin Arrow
40:49 Scale Barding Armor
42:09 Man-at-Arms
42:52 Long Swordsman
LY
0:31 Loom
8:43 Feudal Age
12:37 Castle Age
11:07 Stone Mining
15:09 Fletching
20:10 Bodkin Arrow
21:53 Padded Archer Armor
随风
0:50 Loom
8:17 Feudal Age
8:58 Double-Bit Axe
13:44 Castle Age
15:15 Bow Saw
19:06 Wheelbarrow
20:04 Hand Cart
28:35 Imperial Age
26:13 Gold Mining
27:51 Scale Barding Armor
27:56 Forging
28:26 Gold Shaft Mining
27:44 Stone Mining
28:13 Husbandry
29:08 Chain Barding Armor
29:31 Masonry
29:57 Iron Casting
29:00 Cavalier
31:12 Plate Barding Armor
30:42 Chivalry
31:32 Architecture
30:44 Paladin
32:56 Blast Furnace
35:22 Fletching
40:32 Hoardings
Connection lost

Rejoining the realm…

Still unreachable

The connection could not be restored.

Session expired

The server has moved on; the page needs a fresh start.